 Dungeon Crawl Stone Soup version 0.24.0-37-gcf1ca852f1 (webtiles) character file.

Game seed: 11080549329061213994, levelgen mode: deterministic

561 Cryoshakespeare the Transmogrifier (level 7, -3/37 HPs)
             Began as a Vampire Transmuter on Nov 23, 2019.
             Slain by a centaur (8 damage)
             ... on level 5 of the Dungeon.
             The game lasted 00:10:54 (4281 turns).

Cryoshakespeare the Transmogrifier (VpTm)           Turns: 4281, Time: 00:10:54

Health: -3/37      AC:  2    Str: 10    XL:     7   Next: 9%
Magic:  7/10       EV: 20    Int: 15    God:
Gold:   333        SH:  0    Dex: 21    Spells: 1/10 levels left

rFire    . . .     SeeInvis +     - Unarmed
rCold    . . .     Gourm    .   (shield currently unavailable)
rNeg     . . .     Faith    .   (armour currently unavailable)
rPois    x         Spirit   .   (helmet currently unavailable)
rElec    .         Reflect  .   (cloak currently unavailable)
rCorr    .         Harm     .   (gloves currently unavailable)
MR       .....                  (boots currently unavailable)
Stlth    ++........             (no amulet)
HPRegen  0.32/turn              (no ring)
MPRegen  0.12/turn              (no ring)

@: spider-form, regenerating quickly
A: tiny, no food, see invisible, [frail 2]
a: Exsanguinate, End Transformation


You were on level 5 of the Dungeon.
You were alive.
You were a venomous arachnid creature.
You visited 1 branch of the dungeon, and saw 5 of its levels.

You collected 333 gold pieces.

Inventory:

Hand Weapons
 e - a +2 whip of pain (melded)
Missiles
 a - 63 arrows
Armour
 b - a +0 robe (melded)
 f - a +0 pair of gloves (melded)
Jewellery
 g - an uncursed ring of protection from fire {unknown}
 h - an uncursed ring of fire {unknown}
Scrolls
 c - 9 scrolls of identify {unknown}
 d - 3 scrolls of remove curse {unknown}
 j - a scroll of fog {unknown}
 k - a scroll of teleportation {unknown}
 m - a scroll of enchant weapon {unknown}
Potions
 i - 2 potions of haste {unknown}
 l - a potion of invisibility {unknown}


   Skills:
 - Level 0.8 Fighting
 - Level 2.1 Dodging
 - Level 3.2 Unarmed Combat
 - Level 2.0 Spellcasting
 + Level 8.6 Transmutations


You had one spell level left.
You knew the following spells:

 Your Spells              Type           Power        Failure   Level  Hunger
a - Beastly Appendage     Tmut           ####..       4%          1    N/A
b - Spider Form           Tmut/Pois      ##........   28%         3    N/A
c - Blade Hands           Tmut           ####......   38%         5    N/A

Your spell library contained the following spells:

 Spells                   Type           Power        Failure   Level  Hunger
 Sticks to Snakes         Tmut           ####....     5%          2    N/A
 Ice Form                 Ice/Tmut       ##......     58%         4    N/A

Dungeon Overview and Level Annotations

Branches:
Dungeon (5/15)             Temple (0/1) D:4

Altars:
Dithmenos

Annotations:
D:4 Pikel


Innate Abilities, Weirdness & Mutations

You do not eat.
Your natural rate of healing is unusually fast.
((You have razor-sharp teeth.))
You have supernaturally acute eyesight. (SInv)
((You can survive without breathing.))
[You are very frail. (-20% HP)]


Message History

The centaur misses you. The centaur completely misses you.
You bite the centaur!
The centaur looks as sick as possible!
The centaur is heavily wounded.
The quokka bites you but does no damage.
The centaur hits you but does no damage.
Unknown command.
You hit the centaur.
The centaur looks as sick as possible!
The centaur is almost dead.
The centaur hits you!
* * * LOW HITPOINT WARNING * * *
The quokka completely misses you. The centaur hits you.
* * * LOW HITPOINT WARNING * * *
You hit the quokka.
The quokka is poisoned.
The quokka is severely wounded.
The quokka twitches its whiskers.
The quokka completely misses you. The centaur barely misses you.
The quokka barely misses you.
You kill the quokka!
The centaur hits you!
You die...

########
......# .....#
....# ...# #..#
###+##c.#
##...(s..+
#....((..#
###+###..#
...##..#######
..........<...#
#.............#
#.............#
#...##........#
#... #........+


You could see a centaur.

Vanquished Creatures
  2 ogres (D:4)
  A scorpion (D:4)
  A hound (D:4)
  An orc wizard (D:3)
  3 worker ants (D:4)
  A hound skeleton (D:4)
  2 gnolls (D:4)
  3 adders
  2 oozes
  An adder skeleton (D:4)
  5 worms
  2 dart slugs (D:1)
  4 leopard geckos
  18 orcs
  2 giant cockroaches
  12 goblins
  11 hobgoblins
  4 jackals (D:4)
  8 kobolds
  A quokka (D:5)
  A ball python (D:2)
  12 bats
  6 frilled lizards
  14 rats
117 creatures vanquished.

Notes
Turn   | Place    | Note
-------+----------+-------------------------------------------
     0 | D:1      | Cryoshakespeare the Vampire Transmuter began the quest for
                  | the Orb.
     0 | D:1      | Reached XP level 1. HP: 14/14 MP: 3/3
   189 | D:1      | Reached skill level 3 in Transmutations
   189 | D:1      | Reached XP level 2. HP: 12/20 MP: 3/5
   946 | D:2      | Reached XP level 3. HP: 20/25 MP: 6/6
   976 | D:2      | Learned a level 3 spell: Spider Form
   990 | D:2      | Reached skill level 4 in Transmutations
  1606 | D:2      | Reached XP level 4. HP: 24/24 MP: 3/7
  1980 | D:2      | Reached skill level 5 in Transmutations
  2444 | D:3      | Found a shadowy altar of Dithmenos.
  2737 | D:3      | Reached XP level 5. HP: 25/25 MP: 4/8
  2770 | D:3      | Reached skill level 6 in Transmutations
  3472 | D:4      | Reached skill level 7 in Transmutations
  3472 | D:4      | Reached XP level 6. HP: 15/29 MP: 1/9
  3551 | D:4      | Learned a level 5 spell: Blade Hands
  3745 | D:4      | Found a staircase to the Ecumenical Temple.
  3837 | D:4      | Noticed a slave
  3839 | D:4      | Noticed a slave
  3865 | D:4      | Noticed Pikel
  3867 | D:4      | Noticed a slave
  3873 | D:4      | Noticed a slave
  4036 | D:4      | Reached skill level 8 in Transmutations
  4156 | D:4      | Reached XP level 7. HP: 17/37 MP: 8/10
  4267 | D:5      | Entered Level 5 of the Dungeon
  4281 | D:5      | Slain by a centaur

Levels and vault maps discovered:
D:1:      dpeg_arrival_arbitrary_b, layout_loops_ring
D:2:      layout_loops_corners, minmay_domino_4
D:3:      cheibrodos_greedy_goblins, layout_loops_ring, grunt_dithmenos_smoke
D:4:      layout_gridville, minmay_temple_entry_from_below_b,
          kennysheep_okawaru_gauntlet, uniq_pikel
D:5:      layout_gridville, first_ration, nemelex_diamond_rough_becter,
          uniq_blork_the_orc

Skill      XL: |  1  2  3  4  5  6 |
---------------+-------------------+-----
Transmutations | 3 4 5 7 8 |  8.6
Fighting       | |  0.8
Dodging        | |  2.1
Unarmed Combat | |  3.2
Spellcasting   | |  2.0

Action                   |  1- 3 |  4- 6 |  7- 9 || total
-------------------------+-------+-------+-------++-------
Melee: Unarmed           |    76 |   158 |     4 ||   238
       Kick              |     1 |       |       ||     1
       Headbutt          |     1 |       |       ||     1
       Whip              |    66 |    58 |       ||   124
       Bite              |     5 |     8 |       ||    13
       Punch             |     1 |       |       ||     1
 Cast: Beastly Appendage |     6 |       |       ||     6
       Spider Form       |    11 |    25 |     1 ||    37
 Abil: Exsanguinate      |     2 |     2 |       ||     4
       Revivify          |     2 |     2 |       ||     4
       End Transformatio |       |     3 |     1 ||     4
 Stab: Sleeping          |     3 |     1 |       ||     4
Armor: Robe              |    29 |    15 |       ||    44
       Skin              |     7 |    11 |     2 ||    20
Dodge: Dodged            |   115 |   201 |     9 ||   325
